 Dungeon Crawl Stone Soup version 0.21.1-1-g345015f (webtiles) character file.

408 VLARC the Chiller (level 6, 0/33 HPs)
             Began as a Vine Stalker Ice Elementalist on Mar 28, 2018.
             Was an Initiate of Gozag.
             Slain by a hound (1 damage)
             ... while paralysed
             ... on level 4 of the Dungeon.
             The game lasted 00:09:15 (2954 turns).

VLARC the Chiller (Vine Stalker Ice Elementalist)   Turns: 2954, Time: 00:09:16

Health: 0/33       AC:  4    Str: 11    XL:     6   Next: 88%
Magic:  0/10       EV:  2    Int: 17    God:    Gozag
Gold:   218        SH:  0    Dex: 14    Spells: 3/9 levels left

rFire    . . .     SeeInvis .   (no weapon)
rCold    . . .     Gourm    .   (no shield)
rNeg     . . .     Faith    .   a - +0 robe
rPois    .         Spirit   +   k - +2 hat
rElec    .         Reflect  .   (no cloak)
rCorr    .         Harm     .   (no gloves)
MR       .....                  (no boots)
Stlth    ++........             (no amulet)
HPRegen  0.51/turn              (no ring)
MPRegen  0.12/turn              (no ring)

@: paralysed, fainting
A: fangs 2, regeneration 1, magic shield, antimagic bite, no potion heal 3, rot
immunity
a: Potion Petition, Call Merchant, Bribe Branch, Renounce Religion


You were on level 4 of the Dungeon.
You worshipped Gozag.
Gozag was aware of your devotion.
You were fainting.

You visited 1 branch of the dungeon, and saw 4 of its levels.

You collected 231 gold pieces.
You paid 13 gold pieces to Gozag.

Inventory:

Missiles
 e - 17 stones (quivered)
Armour
 a - a +0 robe (worn)
 k - a +2 hat (worn)
 l - a +0 pair of boots
Jewellery
 g - an uncursed ring of magical power {unknown}
Wands
 p - a wand of disintegration (3)
Scrolls
 c - 3 scrolls of remove curse {unknown}
 d - a scroll of magic mapping {unknown}
 h - a scroll of teleportation {unknown}
 i - a scroll of blinking {unknown}
 m - a scroll of identify {unknown}
 n - a scroll of immolation {unknown}
Potions
 j - a potion of degeneration {unknown}
 o - a potion of curing {unknown}
 q - a potion of might {unknown}
 r - a potion of cancellation {unknown}
 s - a potion of agility {unknown}
 t - a potion of mutation {unknown}
Books
 b - a book of Frost

   Spells                             Type                      Level
   a - Freeze                         Ice                          1
   b - Throw Frost                    Conjuration/Ice              2
   c - Ozocubu's Armour               Charms/Ice                   3
   d - Throw Icicle                   Conjuration/Ice              4
   e - Summon Ice Beast               Ice/Summoning                4
Comestibles
 f - 5 rations


   Skills:
 + Level 4.2 Fighting
 - Level 1.5 Dodging
 - Level 2.4 Stealth
 - Level 2.1 Spellcasting
 - Level 1.0 Conjurations
 + Level 5.7 Ice Magic


You had 3 spell levels left.
You knew the following spells:

 Your Spells              Type           Power        Failure   Level  Hunger
a - Freeze                Ice            ###.         1%          1    #......
b - Throw Frost           Conj/Ice       ##....       8%          2    ###....
c - Ozocubu's Armour      Chrm/Ice       ##......     19%         3    ###....


Dungeon Overview and Level Annotations

Branches:
Dungeon (4/15)
 Temple: D:4-7

Altars:
Gozag


Innate Abilities, Weirdness & Mutations

You have extremely sharp teeth.
Your natural rate of healing is unusually fast.
When hurt, damage is shared between your health and your magic reserves.
Your bite disrupts and absorbs the magic of your enemies.
Potions cannot restore your health.
You are immune to rotting.


Message History

The hungry ghost hits you.
You feel slightly more hungry. The hound bites you but does no damage.
The hound bites you. The hungry ghost hits you.
You feel slightly more hungry. The hound bites you.
* * * LOW HITPOINT WARNING * * *
The hungry ghost hits you.
* * * LOW HITPOINT WARNING * * *
You feel slightly more hungry. The hound bites you.
* * * LOW HITPOINT WARNING * * *
The hound stops to sniff the ground.
The hound completely misses you. The hungry ghost hits you.
* * * LOW HITPOINT WARNING * * *
You feel slightly more hungry. The hound bites you but does no damage.
The hungry ghost hits you.
You feel slightly more hungry. The hound bites you.
* * * LOW HITPOINT WARNING * * *
The hound bites you but does no damage. The hungry ghost hits you.
* * * LOW HITPOINT WARNING * * *
You feel slightly more hungry. The hound bites you.
You die...
Your body crumbles into a pile of gold.

######
######....#
#........(#
#.......$.#
#.........#
..........#
#....h...#
#.....@..#
#.....W..#
##########


You could see a hungry ghost and a hound.

Vanquished Creatures
  Sigmund (D:3)
  A hound (D:2)
  Ijyb (D:3)
  Jessica (D:2)
  Natasha (thrice) (D:3)
  3 adders (D:2)
  An ooze (D:2)
  A worm (D:3)
  2 dart slugs
  A leopard gecko (D:2)
  A giant cockroach (D:2)
  7 goblins
  10 hobgoblins
  A quokka (D:2)
  7 bats
  2 frilled lizards
  6 kobolds
  6 rats
55 creatures vanquished.

Notes
Turn   | Place    | Note
-------+----------+-------------------------------------------
     0 | D:1      | VLARC the Vine Stalker Ice Elementalist began the quest for the Orb.
     0 | D:1      | Reached XP level 1. HP: 9/9 MP: 4/4
   311 | D:1      | Reached XP level 2. HP: 6/14 MP: 0/6
   340 | D:1      | Reached skill level 1 in Fighting
  1108 | D:1      | Reached XP level 3. HP: 18/18 MP: 5/7
  1242 | D:1      | Learned a level 2 spell: Throw Frost
  1246 | D:1      | Learned a level 3 spell: Ozocubu's Armour
  1452 | D:2      | Noticed Jessica
  1457 | D:2      | Killed Jessica
  1457 | D:2      | Reached skill level 4 in Ice Magic
  1457 | D:2      | Gained mutation: Your natural rate of healing is unusually fast. [Vine Stalker growth]
  1457 | D:2      | Reached XP level 4. HP: 23/23 MP: 4/8
  1743 | D:2      | Reached XP level 5. HP: 23/28 MP: 4/9
  1841 | D:2      | Found an opulent altar of Gozag.
  1876 | D:2      | Became a worshipper of Gozag Ym Sagoz the Greedy
  2090 | D:3      | Noticed Sigmund
  2126 | D:3      | Noticed Ijyb
  2155 | D:3      | Killed Ijyb
  2268 | D:3      | Noticed Natasha
  2281 | D:3      | Killed Natasha
  2290 | D:3      | Noticed Natasha
  2303 | D:3      | Killed Natasha
  2427 | D:3      | Reached skill level 5 in Ice Magic
  2499 | D:3      | Killed Sigmund
  2499 | D:3      | Reached XP level 6. HP: 27/33 MP: 8/10
  2698 | D:3      | Noticed Natasha
  2704 | D:3      | Killed Natasha
  2928 | D:4      | Noticed a hungry ghost
  2947 | D:4      | Paralysed by fainting for 8 turns
  2954 | D:4      | HP: 1/33 [hungry ghost (1)]
  2954 | D:4      | Slain by a hound

Skill      XL: |  1  2  3  4  5 |
---------------+----------------+-----
Fighting       | 1 2 4 |  4.2
Ice Magic      | 4 5 |  5.7
Dodging        | |  1.5
Stealth        | |  2.4
Spellcasting   | |  2.1
Conjurations   | |  1.0

Action                   |  1- 3 |  4- 6 || total
-------------------------+-------+-------++-------
Melee: Unarmed           |       |     7 ||     7
       Bite              |       |     1 ||     1
Throw: Stone             |    37 |    15 ||    52
 Cast: Freeze            |    49 |    48 ||    97
       Throw Frost       |       |     2 ||     2
       Ozocubu's Armour  |       |     3 ||     3
Evoke: Wand              |       |     3 ||     3
  Eat: Chunk             |     2 |     2 ||     4
       Ration            |       |     1 ||     1
Armor: Robe              |     3 |    27 ||    30
Dodge: Dodged            |    17 |    42 ||    59
